 Dungeon Crawl Stone Soup version 0.21-a0-509-gecc5317 (webtiles) character file.

327 BingusPrime the Insei (level 6, 0/38 HPs)
             Began as an Octopode Transmuter on Nov 29, 2017.
             Slain by an ice beast (1 damage)
             ... on level 5 of the Dungeon.
             The game lasted 00:19:35 (4773 turns).

BingusPrime the Insei (Octopode Transmuter)         Turns: 4773, Time: 00:19:36

Health: 0/38       AC:  4    Str:  9    XL:     6   Next: 50%
Magic:  1/11       EV: 14    Int: 16    God:
Gold:   178        SH:  0    Dex: 14    Spells: 5/11 levels left

rFire    . . .     SeeInvis .   d - +0 dagger
rCold    . . .     Gourm    +   (no shield)
rNeg     . . .     Faith    .   (helmet restricted)
rPois    +         Spirit   .   r - amulet of the gourmand
rElec    .         Reflect  .   f - ring of poison resistance
rCorr    .         Harm     .   i - +3 ring of protection
MR       .....                  (no ring)
Stlth    +++.......             (no ring)
HPRegen  0.12/turn              (no ring)
MPRegen  0.12/turn              (no ring)
                                (no ring)
                                (no ring)

@: appendage
A: almost no armour, stealthy swim, amphibious, 8 rings, constrict 8, tentacle
spike 3, camouflage 1, gelatinous body 1
a: End Transformation


You were on level 5 of the Dungeon.
You were not hungry.
One of your tentacles had a temporary spike.
You visited 2 branches of the dungeon, and saw 6 of its levels.

You collected 178 gold pieces.

Inventory:

Hand Weapons
 d - a +0 dagger (weapon)
Missiles
 a - 34 arrows
Jewellery
 f - a ring of poison resistance (left tentacle)
 i - a +3 ring of protection (right tentacle)
 r - an amulet of the gourmand (around mantle)
Wands
 t - a wand of polymorph (21)
Scrolls
 e - 2 scrolls of magic mapping {unknown}
 g - 6 scrolls of teleportation
 j - 3 scrolls of remove curse
 o - 2 scrolls of random uselessness {unknown}
 p - a scroll of enchant weapon {unknown}
 x - a scroll of enchant armour {unknown}
 y - a scroll of identify
 A - a scroll of amnesia {unknown}
Potions
 h - a potion of curing {unknown}
 k - 2 potions of flight
 l - a potion of lignification {unknown}
 m - a potion of invisibility {unknown}
 n - 3 potions of haste {unknown}
 s - 2 potions of degeneration {unknown}
 u - a potion of heal wounds {unknown}
 v - a potion of resistance {unknown}
 z - a potion of agility {unknown}
Books
 b - a book of Changes

   Spells                             Type                      Level
   a - Beastly Appendage              Transmutation                1
   b - Sticks to Snakes               Transmutation                2
   c - Spider Form                    Transmutation/Poison         3
   d - Ice Form                       Ice/Transmutation            4
   e - Blade Hands                    Transmutation                5
Comestibles
 c - 2 bread rations
 q - 4 royal jellies
 w - a meat ration


   Skills:
 + Level 1.3 Fighting
 + Level 1.1 Short Blades
 + Level 2.9 Dodging
 + Level 2.5 Stealth
 * Level 4.3 Unarmed Combat
 + Level 3.4 Spellcasting
 + Level 3.2 Transmutations
 + Level 0.9 Poison Magic


You had 5 spell levels left.
You knew the following spells:

 Your Spells              Type           Power        Failure   Level  Hunger
a - Beastly Appendage     Tmut           ##....       4%          1    None
b - Sticks to Snakes      Tmut           ##......     7%          2    ##.....
c - Spider Form           Tmut/Pois      #.........   22%         3    ###....


Dungeon Overview and Level Annotations

Branches:
Dungeon (5/15)             Temple (1/1) D:4

Altars:
Cheibriados
Elyvilon
Fedhas
Hepliaklqana
Kikubaaqudgha
Qazlal
Sif Muna
Vehumet
Wu Jian
Xom
Zin
The Shining One

Shops:
D:4 (%


Innate Abilities, Weirdness & Mutations

You cannot wear most types of armour.
You are very stealthy in the water. (Stealth+)
You are amphibious.
You can wear up to eight rings at the same time.
You can use your tentacles to constrict eight enemies at once.
Your skin changes colour to match your surroundings (Stealth+).
Your rubbery body absorbs attacks. (AC +1, EV +1)
One of your tentacles bears a large vicious spike.


Message History

The ice beast is heavily wounded.
The ice beast hits you. The ice beast freezes you!
* * * LOW HITPOINT WARNING * * *
Casting: Beastly Appendage
Confirm with . or Enter, or press ? or * to list all spells.
You create a snake!
You now have 34 arrows.
The ice beast hits you but does no damage.
Casting: Sticks to Snakes
Confirm with . or Enter, or press ? or * to list all spells.
You don't have enough magic to cast that spell.
Unknown command.
You hit the ice beast but do no damage. Your squeeze misses the ice beast.
The ice beast is severely wounded.
The ice beast hits you.
* * * LOW HITPOINT WARNING * * *
The ice beast freezes you.
* * * LOW HITPOINT WARNING * * *
You hear a blaring wail to the south.
You hear a shout! x5
You swap places.
The ice beast hits you.
You die...

. .. ..####
.....##
##...##
#..)..#####
##......sYS#
#......###@#
....#........#
###....####(.#
##<#. ##..#
#.#. #...# #
#. #.#.# #.
#.#.# #.#.#
#.#.#


You could see an ice beast, a scorpion and a friendly ball python.

Vanquished Creatures
  An ogre (D:5)
  A scorpion (D:4)
  A hound (D:5)
  A bullfrog zombie (D:3)
  An iguana (D:4)
  An orc wizard (D:4)
  2 adders (D:3)
  An ooze (D:1)
  A dart slug (D:2)
  3 leopard geckos
  3 orcs
  8 bats
  3 giant cockroaches
  8 hobgoblins
  4 jackals (D:3)
  A quokka (D:5)
  2 frilled lizards
  6 goblins
  7 kobolds
  5 rats
60 creatures vanquished.

Vanquished Creatures (others)
  An ooze (D:2)
  A kobold (D:2)
2 creatures vanquished.

Grand Total: 62 creatures vanquished

Notes
Turn   | Place    | Note
-------+----------+-------------------------------------------
     0 | D:1      | BingusPrime the Octopode Transmuter began the quest for the Orb.
     0 | D:1      | Reached XP level 1. HP: 13/13 MP: 3/3
    49 | D:1      | Reached XP level 2. HP: 17/18 MP: 5/5
    59 | D:1      | Learned a level 2 spell: Sticks to Snakes
   653 | D:1      | Reached XP level 3. HP: 19/23 MP: 6/6
   658 | D:1      | Learned a level 3 spell: Spider Form
  1113 | D:2      | Found a radiant altar of Vehumet.
  1162 | D:2      | Reached skill level 1 in Stealth
  1722 | D:3      | Reached XP level 4. HP: 8/28 MP: 5/7
  2023 | D:3      | Reached skill level 1 in Short Blades
  2166 | D:3      | Found a deep blue altar of Sif Muna.
  2271 | D:3      | Noticed a phantom
  3214 | D:4      | Found Sitoaca's Weapon Shoppe.
  3236 | D:4      | Reached XP level 5. HP: 33/33 MP: 6/9
  3532 | D:4      | Found Nuas's Food Shop.
  3560 | D:4      | Reached skill level 4 in Unarmed Combat
  4055 | D:4      | Found a staircase to the Ecumenical Temple.
  4063 | Temple   | Entered the Ecumenical Temple
  4647 | D:5      | Entered Level 5 of the Dungeon
  4693 | D:5      | Reached XP level 6. HP: 34/38 MP: 10/10
  4749 | D:5      | Noticed an ice beast
  4772 | D:5      | HP: 1/38 [ice beast (5)]
  4773 | D:5      | Slain by an ice beast

Vault maps used:
D:1:      dpeg_arrival_leaves_temple_mockup, grunt_decor_clamped
D:2:      fiery_altar_vehumet, first_bread
D:3:      nicolae_overflow_crystal_walls, grunt_ministairs_10
D:4:      minmay_temple_entry_trees, serial_shops, shop, nicolae_shop_waterfront
D:5:      eat_drink_and_be_merry_uskayaw
Temple:   dpeg_chambers_temple

Skill      XL: |  1  2  3  4  5 |
---------------+----------------+-----
Stealth        | 1 2 |  2.5
Short Blades   | 1 |  1.1
Unarmed Combat | 4 |  4.3
Spellcasting   | 3 |  3.4
Transmutations | 3 |  3.2
Fighting       | |  1.3
Dodging        | |  2.9
Poison Magic   | |  0.9

Action                   |  1- 3 |  4- 6 || total
-------------------------+-------+-------++-------
Melee: Dagger            |    87 |    55 ||   142
       Kick              |    15 |    12 ||    27
       Tentacles         |    15 |     8 ||    23
       Constrict         |    26 |     7 ||    33
       Punch             |     1 |     1 ||     2
       Unarmed           |       |    43 ||    43
 Cast: Beastly Appendage |    25 |    13 ||    38
       Spider Form       |       |    10 ||    10
       Sticks to Snakes  |       |    11 ||    11
  Use: Scroll            |     4 |       ||     4
 Stab: Sleeping          |     9 |     3 ||    12
  Eat: Chunk             |     2 |     6 ||     8
       Bread ration      |       |     2 ||     2
Armor: Skin              |    20 |    22 ||    42
Dodge: Dodged            |    65 |    88 ||   153

Table legend:
 A = Spawn XP
 B = Non-spawn XP
 C = Spawn XP percentage of total XP
 D = Spawn monster count
 E = Non-spawn monster count
 F = Spawn count percentage of total count
 G = Total turns spent on level
                    A         B        C        D         E        F      G
               +---------+---------+-------+---------+---------+-------+---------
         Total |       0 |     468 |   0.0 |       0 |      60 |   0.0 |  4773
               +---------+---------+-------+---------+---------+-------+---------
           D:1 |       0 |      34 |   0.0 |       0 |      18 |   0.0 |   762
           D:2 |       0 |      32 |   0.0 |       0 |      20 |   0.0 |  1399
           D:3 |       0 |      90 |   0.0 |       0 |      12 |   0.0 |   997
           D:4 |       0 |     150 |   0.0 |       0 |       6 |   0.0 |  1029
           D:5 |       0 |     162 |   0.0 |       0 |       4 |   0.0 |   126
               +---------+---------+-------+---------+---------+-------+---------
